 Dungeon Crawl Stone Soup version 0.29.0-4-gdea44cf6ec (webtiles) character file.

Game seed: 11919826001159008683

25 qw the Chopper (level 3, 0/26 HPs)
             Began as a Barachi Chaos Knight on Sept 4, 2022.
             Slain by Sigmund
             ... wielding a +0 scythe
              (5 damage)
             ... on level 2 of the Dungeon.
             The game lasted 00:00:27 (1229 turns).

qw the Chopper (Barachi Chaos Knight)               Turns: 1229, Time: 00:00:27

Health: 0/26       AC:  3    Str: 13      XL:     3   Next: 4%
Magic:  3/3        EV:  6    Int: 11 (12) God:
Gold:   34         SH:  0    Dex: 10 (11) Spells: 2/2 levels left

rFire   . . .      SeeInvis .   Y - +0 hand axe (chaos)
rCold   . . .      Faith    .   d - +0 tower shield
rNeg    . . .      Spirit   .   b - +2 leather armour
rPois   .          Reflect  .   (no helmet)
rElec   .          Harm     .   (no cloak)
rCorr   .          Rampage  .   (no gloves)
Will    .....                   (no boots)
Stlth   ..........              (no amulet)
HPRegen 0.08/turn               (no ring)
MPRegen 0.08/turn               (no ring)

@: confused, slow
A: amphibious, slowness 1, strong legs 1, +LOS, deformed body, deterioration 1,
frail 1, weak 1
a: Hop


You were on level 2 of the Dungeon.
You visited 1 branch of the dungeon, and saw 2 of its levels.

You collected 34 gold pieces.


Innate Abilities, Weirdness & Mutations

You are amphibious.
You cover ground slowly.
You can hop short distances.
You have an extended range of vision and can be seen from far away.
Armour fits poorly on your strangely shaped body.
Your body sometimes deteriorates upon taking damage.
You are frail. (-10% HP)
You are weak. (Str -2)


   Skills:
 - Level 3.6 Fighting
 - Level 4.5 Axes
 - Level 2.4 Armour
 - Level 1.1 Dodging
 + Level 0.0 Shields


You had 2 spell levels left.
You didn't know any spells.
Your spell library was empty.

Inventory:

Hand Weapons
 i - a +0 whip
 Y - a +0 hand axe of chaos (weapon)
Armour
 b - a +2 leather armour (worn)
 d - a +0 tower shield (worn)
Miscellaneous
 c - a piece from Xom's chessboard (15/15)

Dungeon Overview and Level Annotations

Branches:
Dungeon (2/15)

Altars:

Annotations:
D:2 Sigmund


Message History

Where to? (* - list waypoints, ? - help)
What level of the Dungeon? (default 1, ? - help)
There is a stone staircase leading down here.
You climb downwards.
There is a stone staircase leading up here.
Existing waypoints: (2) D:1 Assign waypoint to what number? (0-9, D - delete waypoint) Waypoint 1 assigned to D:2.
Sigmund the Dreaded comes into view.
He is wielding a +0 scythe.
Sigmund mumbles some strange words.
Sigmund flickers and vanishes!
Deactivating autopickup; reactivate with Ctrl-A.
You swing at nothing.
You swing at nothing.
You swing at nothing.
You swing at nothing.
You block something's attack.
You swing at nothing.
Something hits you.
You swing at nothing.
Something hits you!
You swing at nothing.
You hear some strange, mumbled words.
A puff of flame appears from out of thin air!
The puff of flame hits you!
You swing at nothing.
Something hits you but does no damage.
You swing at nothing.
You hear some strange, mumbled words.
You are confused.
You're too confused to attack without stumbling around!
There is a strange disturbance nearby!
Something hits you.
Your body deteriorates!
You feel clumsy.
You're too confused to attack without stumbling around!
There is a strange disturbance nearby!
Something hits you.
You die... "I guess I need a new plaything now."

.......
.......
.....
.....
... ...
#{# #.#
#@# #<#
#.# #.#
#.# #.#
#.# #.#
#.#


There were no monsters in sight!

Vanquished Creatures
  A dart slug (D:1)
  2 endoplasms (D:1)
  A goblin (D:1)
  3 hobgoblins (D:1)
  3 quokkas (D:1)
  2 ball pythons (D:1)
  2 bats (D:1)
  3 frilled lizards (D:1)
  A kobold (D:1)
  4 rats (D:1)
22 creatures vanquished.

Notes
Turn   | Place    | Note
-------+----------+-------------------------------------------
     0 | D:1      | qw the Barachi Chaos Knight began the quest for the Orb.
     0 | D:1      | Reached XP level 1. HP: 18/18 MP: 1/1
     0 | D:1      | 0 ||| qw: Version: 0.1-a-103-gd6f5d3a
     0 | D:1      | 0 ||| qw: Game counter: 5390
     0 | D:1      | 0 ||| qw: Always use a shield: true
     0 | D:1      | 0 ||| qw: God list: Okawaru
     0 | D:1      | 0 ||| qw: Allow faded altars: false
     0 | D:1      | 0 ||| qw: Do Orc after D:15 true
     0 | D:1      | 0 ||| qw: Do second Lair branch before Depths: true
     0 | D:1      | 0 ||| qw: Lair rune preference: random
     0 | D:1      | 0 ||| qw: Plans: Normal
     0 | D:1      | 0 ||| PLANNING D:1-11
     0 | D:1      | Fell from the grace of Xom
   301 | D:1      | Reached XP level 2. HP: 16/24 MP: 2/2
   310 | D:1      | XOM: give mutation
   310 | D:1      | Gained mutation: Armour fits poorly on your strangely
                  | shaped body. [Xom's mischief]
   436 | D:1      | Reached skill level 4 in Axes
   605 | D:1      | Found a faded altar of an unknown god.
   616 | D:1      | XOM: give mutations
   616 | D:1      | Gained mutation: You are frail. (-10% HP) [Xom's mischief]
   616 | D:1      | Gained mutation: Your body sometimes deteriorates upon
                  | taking damage. [Xom's mischief]
   616 | D:1      | Gained mutation: You are weak. (Str -2) [Xom's mischief]
   657 | D:1      | 657 ||| Stepping ~*~*~tactically~*~*~ (hiding).
   864 | D:1      | Reached XP level 3. HP: 22/26 MP: 3/3
   911 | D:1      | 911 ||| DROPPING +0 club.
  1203 | D:1      | 1203 ||| UPGRADING to +0 tower shield.
  1208 | D:1      | 1208 ||| READING scroll labelled FIMUNICIQY.
  1209 | D:1      | 1209 ||| READING 2 scrolls labelled BEMAAPP YNGIEM.
  1210 | D:1      | 1210 ||| READING scroll labelled DITREU VYING.
  1211 | D:1      | 1211 ||| DROPPING scroll of noise.
  1218 | D:2      | Noticed Sigmund
  1228 | D:2      | HP: 5/26 [something (4)]
  1229 | D:2      | Slain by Sigmund

Levels and vault maps discovered:
D:1:      denvon_arrival_planthouse, layout_loops_corners,
          ebering_ecumenical_altar_box
D:2:      layout_loops_ring, uniq_crazy_yiuf_cottage, uniq_robin, uniq_sigmund

Skill      XL: |  1  2 |
---------------+-------+-----
Axes           | 4 |  4.5
Fighting       | |  3.6
Armour         | |  2.4
Dodging        | |  1.1

Action                   || total
-------------------------++-------
Melee: Hand axe          ||    60
Invok: Renounce Religion ||     1
  Use: Scroll            ||     3
Armor: Leather armour    ||    14
Dodge: Dodged            ||    26
Block: Tower shield      ||     1

Table legend:
 A = Non-vault XP
 B = Vault XP
 C = Vault XP percentage of total XP
 D = Non-vault monster count
 E = Vault monster count
 F = Vault count percentage of total count
                 A         B        C        D         E       F
            +---------+---------+-------+---------+---------+-------
      Total |      36 |       0 |   0.0 |      22 |       0 |   0.0
            +---------+---------+-------+---------+---------+-------
        D:1 |      36 |       0 |   0.0 |      22 |       0 |   0.0
            +---------+---------+-------+---------+---------+-------
